 Dungeon Sprint DCSS version 0.31-a0-632-g766dd24fdf (webtiles) character file.

Game seed: 13354243824438672464

448 sircluck the Covert (level 7, -3/48 HPs)
             Began as a Kobold Brigand on Aug 25, 2023.
             Was a High Priest of Dithmenos.
             Slain by a shadow wraith (12 damage)
             ... in the Dungeon (Sprint VII: "The Pits").
             The game lasted 00:01:56 (492 turns).

sircluck the Covert (Kobold Brigand)                 Turns: 492, Time: 00:01:57

Health: -3/48      AC:  3    Str:  8    XL:     7   Next: 24%
Magic:  7/7        EV: 19    Int: 13    God:    Dithmenos [*****.]
Gold:   0          SH:  0    Dex: 18    Spells: 6/6 levels left

rFire   . . .        q - +2 dagger (elec)
rCold   . . .        (no shield)
rNeg    . . .        b - +0 robe
rPois   .            (no helmet)
rElec   .            c - +0 cloak
rCorr   .            (no gloves)
SInv    .            (no boots)
Will    .....        (no amulet) Stlth *+++++++++
                     (no ring)
HPRegen 0.28/turn    (no ring)
MPRegen 0.10/turn

%: no teleportation
@: slowed, wreathed by umbra, very slow
A: small, no large weapons, nightstalker 3
a: Renounce Religion, Shadow Step, Shadow Form


You were in the Dungeon.
You worshipped Dithmenos.
Dithmenos was extremely pleased with you.
You visited 1 branch

Inventory:

Hand Weapons
 a - a +2 dagger
 q - a +2 dagger of electrocution (weapon)
Missiles
 d - 9 poisoned darts (quivered)
 e - 3 curare-tipped darts
 p - 10 stones
Armour
 b - a +0 robe (worn)
 c - a +0 cloak (worn)
Scrolls
 k - a scroll of blinking
 m - 2 scrolls of vulnerability
 n - 5 scrolls of amnesia
 o - a scroll of summoning
Potions
 f - 6 potions of curing
 g - 6 potions of heal wounds
 h - a potion of haste
 i - 4 potions of magic
 j - 3 potions of berserk rage
 l - 2 potions of invisibility


   Skills:
 + Level 7.4 Fighting
 + Level 8.9 Short Blades
 - Level 2.1 Throwing
 + Level 7.8 Dodging
 * Level 13.9 Stealth


You had 6 spell levels left.
You didn't know any spells.
Your spell library was empty.

Dungeon Overview and Level Annotations

Branches:
Dungeon (1/1)

Altars:
Ashenzari
Cheibriados
Dithmenos
Elyvilon
Fedhas
Gozag
Hepliaklqana
Kikubaaqudgha
Makhleb
Nemelex Xobeh
Okawaru
Qazlal
Ru
Sif Muna
Trog
Uskayaw
Vehumet
Wu Jian
Xom
Yredelemnul
Zin
The Shining One
Jiyva
Lugonu


Innate Abilities, Weirdness & Mutations

You are small and have problems with some larger weapons.
You are completely attuned to the shadows.


Message History

You open the door.
A hobgoblin comes into view.
The hobgoblin shouts!
You closely miss the hobgoblin. The hobgoblin barely misses you.
You hit the hobgoblin but do no damage. You closely miss the hobgoblin.
Your shadow completely misses the hobgoblin.
The hobgoblin closely misses you.
You hit the hobgoblin.
The hobgoblin is moderately wounded.
You hit the hobgoblin.
Lightning courses through the hobgoblin!!
You kill the hobgoblin!
Dithmenos accepts your kill.
No target in view!
No target in view!
No target in view!
No target in view!
No target in view!
No target in view!
There is an open door, spattered with blood here.
You open the door.
There is an open door here.
Deactivating autopickup; reactivate with Ctrl-A.
You hit something.
You hear a chilling moan.
You closely miss something.
Your shadow barely misses something.
Something hits you! Something drains your vigour!
You feel yourself slow down.
You hit something but do no damage. Lightning courses through something!
Your shadow hits something but does no damage.
Something completely misses you.
You hit something. Something hits you!
You barely miss something. Something hits you!
* * * LOW HITPOINT WARNING * * *
Something drains your vigour!
You feel as though you will be slow longer.
You closely miss something.
Your shadow hits something but does no damage.
Something hits you!
You die...

#)#........##.......#
#.#....)...##.......#
#'###########.......#
#.......# #########
#..###..# #..))...#
##.###.##+#
#.......#.+
#..###..#@#
#.......'.# #########


There were no monsters in sight!

Vanquished Creatures
  2 floating eyes (D)
  A phantom (D)
  A gnoll sergeant (D)
  A jelly (D)
  5 gnolls (D)
  A river rat (D)
  An ufetubus (D)
  A bat skeleton (D)
  A giant cockroach (D)
  A goblin (D)
  2 hobgoblins (D)
  6 jackals (D)
  A quokka (D)
  A rat (D)
25 creatures vanquished.

Notes
Turn   | Place    | Note
-------+----------+-------------------------------------------
     0 | D        | sircluck the Kobold Brigand began the quest for the Orb.
     0 | D        | Reached XP level 1. HP: 12/12 MP: 1/1
    12 | D        | Noticed a floating eye
    15 | D        | Killed a floating eye
    16 | D        | Reached skill level 5 in Short Blades
    16 | D        | Reached skill level 9 in Stealth
    16 | D        | Reached XP level 2. HP: 20/20 MP: 2/2
    16 | D        | Reached XP level 3. HP: 25/25 MP: 3/3
    16 | D        | Reached XP level 4. HP: 30/30 MP: 4/4
    16 | D        | Reached XP level 5. HP: 34/34 MP: 5/5
    42 | D        | Found a bloodstained altar of Trog.
    42 | D        | Found a shimmering blue altar of Sif Muna.
    42 | D        | Found a viscous altar of Jiyva.
    42 | D        | Found a hazy altar of Hepliaklqana.
    42 | D        | Found an opulent altar of Gozag.
    43 | D        | Found a glowing golden altar of the Shining One.
    43 | D        | Found a glowing silver altar of Zin.
    43 | D        | Found a sacrificial altar of Ru.
    43 | D        | Found a stormy altar of Qazlal.
    43 | D        | Found a blossoming altar of Fedhas.
    45 | D        | Found a basalt altar of Yredelemnul.
    45 | D        | Found an iron altar of Okawaru.
    45 | D        | Found a white marble altar of Elyvilon.
    46 | D        | Found a shimmering altar of Xom.
    46 | D        | Found a sparkling altar of Nemelex Xobeh.
    46 | D        | Found a shadowy altar of Dithmenos.
    47 | D        | Found an ornate altar of the Wu Jian Council.
    47 | D        | Found a burning altar of Makhleb.
    47 | D        | Found a snail-covered altar of Cheibriados.
    48 | D        | Found a radiant altar of Vehumet.
    48 | D        | Found a corrupted altar of Lugonu.
    49 | D        | Found a hide-covered altar of Uskayaw.
    49 | D        | Found an ancient bone altar of Kikubaaqudgha.
    49 | D        | Found a broken altar of Ashenzari.
    63 | D        | Became a worshipper of Dithmenos the Shadowed
    85 | D        | Reached * piety under Dithmenos
   122 | D        | Reached ** piety under Dithmenos
   123 | D        | Noticed a floating eye
   126 | D        | Reached skill level 5 in Fighting
   126 | D        | Reached skill level 5 in Dodging
   126 | D        | Reached skill level 10 in Stealth
   129 | D        | Paralysed by a floating eye for 3 turns
   138 | D        | Killed a floating eye
   139 | D        | Reached skill level 11 in Stealth
   139 | D        | Reached XP level 6. HP: 41/41 MP: 6/6
   199 | D        | Reached *** piety under Dithmenos
   201 | D        | Reached skill level 12 in Stealth
   223 | D        | Reached **** piety under Dithmenos
   231 | D        | Reached skill level 13 in Stealth
   262 | D        | Reached XP level 7. HP: 22/48 MP: 7/7
   387 | D        | Reached ***** piety under Dithmenos
   492 | D        | Slain by a shadow wraith

Illustrated notes

Levels and vault maps discovered:
D:        pitsprint [storerooms_1, entrance_room_1, metal_vault_4, armoury_1,
          mini_pit_1, grid_room_1, main_hall_1, silver_pit, the_coven_2,
          the_vestibule_1, steel_vault_5, golden_pit, hallway_of_sentries,
          crystal_vault_2, iron_vault_4, final_vault]

Skill      XL: |  1  2  3  4  5  6 |
---------------+-------------------+-----
Fighting       | 4 6 7 |  7.4
Short Blades   | 5 7 8 |  8.9
Dodging        | 4 6 7 |  7.8
Stealth        | 9 11 13 | 13.9
Throwing       | |  2.1

Action                     |  1- 3 |  4- 6 |  7- 9 || total
---------------------------+-------+-------+-------++-------
  Melee: Dagger            |     1 |    58 |    46 ||   105
         Punch             |       |     1 |       ||     1
   Stab: Sleeping          |     1 |     5 |       ||     6
 Armour: Robe              |       |     2 |     2 ||     4
  Dodge: Dodged            |       |    32 |    31 ||    63

Table legend: (Time is in decaauts)
 A = Elapsed time spent in this place.
 B = Non-inter-level travel time spent in this place.
 C = Inter-level travel time spent in this place.
 D = Time resting spent in this place.
 E = Time spent auto-exploring this place.
 F = Levels seen in this place.
 G = Mean time per level.
                   A        B        C        D        E       F      G
               +--------+--------+--------+--------+--------+-----+--------+
         Total |    453 |    431 |     22 |    121 |     92 |   1 |  453.0 |
       Dungeon |    453 |    431 |     22 |    121 |     92 |   1 |  453.0 |
               +--------+--------+--------+--------+--------+-----+--------+

Top non-repeatable levels by time:
       D: 453 daAuts
